 Dungeon Crawl Stone Soup version 0.28-a0-239-g68911e0c57 (webtiles) character file.

Game seed: 11493234510767076322

2879 theanonym the Martial Artist (level 9, -6/63 HPs)
             Began as an Octopode Brigand on Aug 23, 2021.
             Was a Priest of Cheibriados.
             Killed from afar by a white imp (9 damage)
             ... with a puff of frost
             ... on level 7 of the Dungeon.
             The game lasted 00:15:04 (9102 turns).

theanonym the Martial Artist (Octopode Brigand)     Turns: 9102, Time: 00:15:05

Health: -6/63      AC:  1    Str: 31    XL:     9   Next: 76%
Magic:  9/9        EV: 12    Int: 19    God:    Cheibriados [***...]
Gold:   225        SH: 16    Dex: 20    Spells: 8/8 levels left

rFire   . . .      SeeInvis .     - Unarmed
rCold   . . .      Faith    .   p - +0 kite shield
rNeg    . . .      Spirit   .   w - +0 hat
rPois   .          Reflect  +   g - amulet of reflection
rElec   .          Harm     .   l - +6 ring of strength
rCorr   .          Rampage  .   v - +6 ring of strength
Will    .....                   (no ring)
Stlth   ++++......              (no ring)
HPRegen 0.20/turn               (no ring)
MPRegen 0.11/turn               (no ring)
                                (no ring)
                                (no ring)

@: studying Dodging, very slow
A: almost no armour, amphibious, 8 rings, camouflage 1, gelatinous body 1,
(nimble swimmer 1), tentacles
a: Renounce Religion, Bend Time, Temporal Distortion


Innate Abilities, Weirdness & Mutations

You cannot wear most types of armour.
You are amphibious.
You can wear up to eight rings at the same time.
Your skin changes colour to match your surroundings (Stealth+).
Your rubbery body absorbs attacks. (AC +1, EV +1)
((You are camouflaged near water. (Stealth+)))
You have tentacles for arms and can constrict up to eight enemies at once.


   Skills:
 + Level 6.9 Fighting
 - Level 2.0 Short Blades
 - Level 2.0 Throwing
 + Level 2.5 Dodging
 - Level 5.3 Stealth
 + Level 6.0 Shields
 * Level 9.3 Unarmed Combat


You had 8 spell levels left.
You didn't know any spells.
Your spell library was empty.

Skill      XL: |  1  2  3  4  5  6  7  8  9 |
---------------+----------------------------+-----
Unarmed Combat | 1 2 3 4 5 6 8 9 |  9.3
Fighting       | 3 4 5 6 |  6.9
Shields        | 1 2 3 4 6 |  6.0
Dodging        | 2 |  2.5
Short Blades   | |  2.0
Throwing       | |  2.0
Stealth        | |  5.3

Action                   |  1- 3 |  4- 6 |  7- 9 || total
-------------------------+-------+-------+-------++-------
Melee: Unarmed           |    77 |   111 |   186 ||   374
       Constrict         |    21 |    29 |    53 ||   103
       Tentacles         |    15 |    26 |    64 ||   105
       Punch             |     1 |     2 |    17 ||    20
Throw: Dart              |       |     8 |    17 ||    25
Evoke: Wand              |       |     2 |     1 ||     3
  Use: Potion            |       |     3 |     1 ||     4
       Scroll            |       |    10 |     7 ||    17
 Stab: Sleeping          |    10 |    11 |     8 ||    29
       Distracted        |       |       |     3 ||     3
Armor: Skin              |     7 |     7 |     4 ||    18
Dodge: Dodged            |    33 |    31 |    46 ||   110
Block: Kite shield       |       |    46 |   125 ||   171
       Other             |       |     2 |       ||     2
       Reflection        |       |       |     7 ||     7

Inventory:

Missiles
 b - 18 poisoned darts (quivered)
 c - 8 curare-tipped darts
Armour
 p - a +0 kite shield (worn)
 w - a +0 hat (worn)
Jewellery
 g - an amulet of reflection (around mantle)
 i - a ring of fire
 l - a +6 ring of strength (left tentacle)
 v - a +6 ring of strength (right tentacle)
Wands
 o - a wand of iceblast (5)
Scrolls
 f - 2 scrolls of silence
 t - a scroll of teleportation
 B - a scroll of blinking
Potions
 d - a potion of ambrosia {unknown}
 h - 2 potions of resistance
 j - a potion of mutation {unknown}
 k - 2 potions of lignification
 m - a potion of cancellation {unknown}
 n - a potion of brilliance {unknown}
 q - 2 potions of heal wounds
 u - a potion of magic {unknown}
 z - a potion of curing {unknown}


You were on level 7 of the Dungeon.
You worshipped Cheibriados.
Cheibriados was most pleased with you.
You visited 2 branches of the dungeon, and saw 8 of its levels.

You collected 1044 gold pieces.
You spent 819 gold pieces at shops.

Dungeon Overview and Level Annotations

Branches:
Dungeon (7/15)             Temple (1/1) D:4

Altars:
Ashenzari
Cheibriados
Elyvilon
Fedhas
Kikubaaqudgha
Nemelex Xobeh
Qazlal
Ru
Sif Muna
Trog
Vehumet
Wu Jian
Xom
Zin
The Shining One

Shops:
D:1

= ##### ##'#
....# #.....
.... #.....
... #..... ..
#....< '####
#.....##5...#
.......@)#
#####...)#
#....# #....#
##...# #...#
#...####
##.....#
#####.#


You could see a white imp.

Notes
Turn   | Place    | Note
-------+----------+-------------------------------------------
     0 | D:1      | theanonym the Octopode Brigand began the quest for the Orb.
     0 | D:1      | Reached XP level 1. HP: 14/14 MP: 1/1
   314 | D:1      | Reached skill level 1 in Unarmed Combat
   318 | D:1      | HP: 7/14 [goblin (4)]
   321 | D:1      | Reached XP level 2. HP: 10/19 MP: 2/2
   717 | D:1      | Found Mahithra's Jewellery Boutique.
   901 | D:1      | Found a faded altar of an unknown god.
   988 | D:1      | Reached skill level 2 in Unarmed Combat
  1088 | D:1      | Reached XP level 3. HP: 25/25 MP: 3/3
  1435 | D:2      | HP: 11/25 [adder (5)]
  1699 | D:2      | HP: 8/25 [worm (7)]
  1933 | D:2      | Reached XP level 4. HP: 30/30 MP: 4/4
  2433 | D:3      | Reached skill level 3 in Unarmed Combat
  2521 | D:3      | Reached skill level 3 in Fighting
  2601 | D:3      | Found a shimmering blue altar of Sif Muna.
  3007 | D:3      | Found a white marble altar of Elyvilon.
  3042 | D:3      | HP: 11/31 [worm (9)]
  3414 | D:4      | Noticed an ogre
  3451 | D:4      | HP: 5/31 [iguana (13)]
  3458 | D:3      | Reached XP level 5. HP: 10/36 MP: 5/5
  3723 | D:4      | Reached skill level 1 in Shields
  3738 | D:4      | Noticed Menkaure
  3741 | D:4      | HP: 18/36 [adder (4)]
  3747 | D:4      | HP: 12/36 [poisoned by an adder]
  4085 | D:4      | Identified a scroll of acquirement
  4085 | D:4      | Acquired 546 gold pieces
  4147 | D:4      | Noticed a water moccasin
  4153 | D:4      | HP: 18/36 [poisoned by a water moccasin]
  4155 | D:4      | Killed a water moccasin
  4156 | D:4      | Reached skill level 4 in Unarmed Combat
  4156 | D:4      | Reached XP level 6. HP: 16/42 MP: 6/6
  4158 | D:4      | HP: 13/42 [poisoned by a water moccasin]
  4196 | D:4      | Noticed a black bear
  4207 | D:4      | Killed a black bear
  4208 | D:4      | Reached skill level 2 in Shields
  4630 | D:4      | HP: 21/43 [orc wizard (3)]
  4634 | D:3      | HP: 8/43 [something (3)]
  4635 | D:3      | HP: 1/43 [orc wizard/puff of flame (7)]
  4644 | D:3      | HP: 21/43 [something (3)]
  4649 | D:3      | Reached skill level 4 in Fighting
  4649 | D:3      | HP: 16/43 [something (2)]
  4911 | D:3      | Reached skill level 5 in Unarmed Combat
  5061 | D:4      | Reached XP level 7. HP: 37/48 MP: 7/7
  5155 | D:4      | HP: 24/48 [gnoll (3)]
  5273 | D:4      | Killed Menkaure
  5425 | D:4      | Found a staircase to the Ecumenical Temple.
  5434 | Temple   | Entered the Ecumenical Temple
  5503 | Temple   | Became a worshipper of Cheibriados the Contemplative
  5616 | D:4      | Reached skill level 3 in Shields
  5793 | D:4      | Reached skill level 6 in Unarmed Combat
  5939 | D:5      | Entered Level 5 of the Dungeon
  6003 | D:5      | Found a sacrificial altar of Ru.
  6009 | D:5      | Reached * piety under Cheibriados
  6097 | D:5      | Found an ornate altar of the Wu Jian Council.
  6142 | D:5      | Reached XP level 8. HP: 49/54 MP: 8/8
  6171 | D:5      | Found a broken altar of Ashenzari.
  6221 | D:5      | HP: 26/54 [phantom (4)]
  6229 | D:5      | Reached skill level 5 in Fighting
  6719 | D:4      | Reached skill level 4 in Shields
  6878 | D:5      | Reached skill level 7 in Unarmed Combat
  7259 | D:5      | HP: 15/57 [ogre (21)]
  7558 | D:6      | Reached ** piety under Cheibriados
  7563 | D:6      | Reached skill level 8 in Unarmed Combat
  7563 | D:6      | Reached XP level 9. HP: 48/62 MP: 9/9
  7579 | D:6      | Noticed Prince Ribbit
  7584 | D:6      | Killed Prince Ribbit
  7585 | D:6      | Reached skill level 6 in Fighting
  7585 | D:6      | Reached skill level 5 in Shields
  7913 | D:1      | Bought a +6 ring of strength for 819 gold pieces
  8121 | D:6      | Reached skill level 9 in Unarmed Combat
  8415 | D:7      | Found a stormy altar of Qazlal.
  8713 | D:7      | Reached skill level 2 in Dodging
  8714 | D:7      | HP: 30/63 [bullfrog (8)]
  8716 | D:7      | HP: 13/63 [bullfrog (7)]
  8723 | D:7      | HP: 13/63 [bullfrog (1)]
  9096 | D:7      | HP: 29/63 [orc (4)]
  9098 | D:7      | Reached *** piety under Cheibriados
  9099 | D:7      | Reached skill level 6 in Shields
  9100 | D:7      | HP: 12/63 [white imp/puff of frost (8)]
  9102 | D:7      | HP: 3/63 [white imp/puff of frost (9)]
  9102 | D:7      | Killed from afar by a white imp

Vanquished Creatures
  Prince Ribbit (D:6)
  A steam dragon (D:7)
  Menkaure (D:4)
  3 water moccasins
  A black bear (D:4)
  2 orc warriors
  4 ogres
  A phantom (D:5)
  A bullfrog (D:7)
  A gnoll sergeant (D:5)
  3 scorpions
  A water moccasin zombie (D:6)
  2 wyvern skeletons (D:6)
  A water moccasin skeleton (D:5)
  A howler monkey (D:6)
  A centaur zombie (D:7)
  4 hounds
  6 orc priests
  5 orc wizards
  4 iguanas
  A hound skeleton (D:5)
  11 adders
  8 gnolls
  6 worms
  2 dart slugs
  20 orcs
  4 bats
  6 endoplasms
  4 giant cockroaches
  18 goblins
  8 hobgoblins
  4 jackals (D:1)
  5 quokkas
  11 ball pythons
  9 kobolds
  5 rats
166 creatures vanquished.

Vanquished Creatures (others)
  3 toadstools (D:1)
3 creatures vanquished.

Grand Total: 169 creatures vanquished

Table legend: (Time is in decaauts)
 A = Elapsed time spent in this place.
 B = Non-inter-level travel time spent in this place.
 C = Inter-level travel time spent in this place.
 D = Time resting spent in this place.
 E = Time spent auto-exploring this place.
 F = Levels seen in this place.
 G = Mean time per level.
                   A        B        C        D        E       F      G
               +--------+--------+--------+--------+--------+-----+--------+
         Total |   9811 |   9120 |    691 |   3616 |   4144 |   8 | 1226.4 |
       Dungeon |   9726 |   9053 |    673 |   3616 |   4079 |   7 | 1389.4 |
        Temple |     84 |     67 |     17 |      0 |     65 |   1 |   84.0 |
               +--------+--------+--------+--------+--------+-----+--------+

Top non-repeatable levels by time:
     D:3: 2014 daAuts
     D:4: 1826 daAuts
     D:5: 1677 daAuts
     D:1: 1500 daAuts
     D:2: 982 daAuts
     D:6: 911 daAuts
     D:7: 815 daAuts
  Temple: 84 daAuts
